 Dungeon Crawl Stone Soup version bcrawl-1.15.1 (webtiles) character file.

Game seed: 2215294954658458467

58 Chiseanne the Ducker (level 3, 0/27 HPs)
             Began as a Demonspawn Archaeologist on Sept 27, 2019.
             Slain by a sky beast (2 damage)
             ... on level 1 of the Dungeon.
             The game lasted 00:01:59 (1773 turns).

Chiseanne the Ducker (Demonspawn Archaeologist)     Turns: 1773, Time: 00:01:59

Health: 0/27       AC: 10    Str: 11    XL:     3   Next: 75%
Magic:  3/3        EV:  5    Int: 15    God:
Gold:   216        SH:  0    Dex: 12    Spells: 2/2 levels left

rFire    . . .     SeeInvis .   l - +0 hand axe
rCold    . . .     Gourm    .   (no shield)
rNeg     . . .     Faith    .   a - -1 chain mail (curse)
rPois    .         Spirit   .   c - +1 hat
rElec    .         Reflect  .   (no cloak)
rCorr    .         Harm     .   (no gloves)
MR       .....                  d - +1 pair of boots
Stlth    ..........             (no amulet)
HPRegen  0.09/turn              (no ring)
MPRegen  0.08/turn              (no ring)

@: studying Crossbows
A: horns 1
a: no special abilities


You were on level 1 of the Dungeon.
You were not hungry.

You visited 1 branch of the dungeon, and saw 2 of its levels.

You collected 216 gold pieces.

Inventory:

Hand Weapons
 l - a +0 hand axe (weapon)
Missiles
 b - 253 stones (quivered)
 s - 115 sling bullets
 u - 236 arrows
 v - 94 tomahawks
 w - 184 bolts
Armour
 a - a cursed -1 chain mail (worn)
 c - a +1 hat (worn)
 d - a +1 pair of boots (worn)
Jewellery
 t - a +3 amulet of reflection {unknown}
Scrolls
 i - a scroll of identify {unknown}
 j - a scroll of magic mapping {unknown}
 m - 4 scrolls of remove curse {unknown}
 o - a scroll of noise {unknown}
 p - a scroll of amnesia {unknown}
Potions
 h - a potion of degeneration {unknown}
 k - a potion of heal wounds {unknown}
 n - a potion of haste {unknown}
 q - 2 potions of curing {unknown}
 r - a potion of mutation {unknown}
Books
 e - a manual of Crossbows
Miscellaneous
 f - an ancient crate
Comestibles
 g - 6 rations {!d}


   Skills:
 - Level 2.0 Fighting
   Level 0.8 Maces & Flails
 + Level 2.4 Crossbows
 - Level 0.8 Armour
 - Level 3.2 Dodging
 - Level 3.0 Stealth


You had 2 spell levels left.
You didn't know any spells.
Your spell library was empty.

Dungeon Overview and Level Annotations

Branches:
Dungeon (2/12)

Altars:


Innate Abilities, Weirdness & Mutations

You have a pair of small horns on your head.


Message History

You hit the sky beast but do no damage.
The sky beast is moderately wounded.
The sky beast hits you but does no damage. x2
You hit the sky beast.
The sky beast is moderately wounded.
The sky beast hits you.
* * * LOW HITPOINT WARNING * * *
The sky beast shocks you.
* * * LOW HITPOINT WARNING * * *
You hit the sky beast.
The sky beast is moderately wounded.
The sky beast hits you but does no damage.
You closely miss the sky beast.
The sky beast is moderately wounded.
The sky beast hits you but does no damage.
You hit the sky beast. Your headbutt misses the sky beast.
The sky beast is heavily wounded.
The sky beast hits you but does no damage.
The sky beast hits you.
You die...

#......##.........##..
###....##.........##.[
###+###.........##..
####.# ##......).####
#....####.....#######
#.....[..............
#....#########.......
#....###.............
##..@Y...............
#.##.##.##..........
#.#.....##.##..#####
#.#.....##.....#≈≈≈≈
#.#.###.#####..#≈≈≈≈
#.#...#.#####..#≈≈..
#.....#........#≈...
########.......#≈..≈
#.###.#.#≈...


You could see a sky beast.

Vanquished Creatures
  2 oozes (D:2)
  3 worms (D:2)
  A dart slug (D:2)
  4 leopard geckos
  A giant cockroach (D:1)
  6 goblins
  3 hobgoblins
  A jackal (D:2)
  A quokka (D:2)
  5 bats
  2 frilled lizards
  3 kobolds (D:2)
  2 rats
34 creatures vanquished.

Notes
Turn   | Place    | Note
-------+----------+-------------------------------------------
     0 | D:1      | Chiseanne the Demonspawn Archaeologist began the quest for
                  | the Orb.
     0 | D:1      | Reached XP level 1. HP: 15/15 MP: 1/1
   378 | D:1      | Gained mutation: You have a pair of small horns on your
                  | head. [demonic ancestry]
   378 | D:1      | Reached XP level 2. HP: 15/21 MP: 2/2
   886 | D:2      | Reached XP level 3. HP: 10/27 MP: 3/3
  1134 | D:2      | Reached skill level 1 in Crossbows
  1750 | D:2      | Noticed a sky beast
  1770 | D:1      | HP: 1/27 [sky beast (6)]
  1773 | D:1      | Slain by a sky beast

Skill      XL: |  1  2  3 |
---------------+----------+-----
Dodging        | 3 |  3.2
Fighting       | 2 |  2.0
Crossbows      | 2 |  2.4
Maces & Flails | |  0.8
Armour         | |  0.8
Stealth        | |  3.0

Action                   || total
-------------------------++-------
Melee: Whip              ||    24
       Hand axe          ||    99
       Headbutt          ||    16
 Stab: Sleeping          ||     2
  Eat: Chunk             ||     3
Armor: Robe              ||     5
       Chain mail        ||    83
Dodge: Dodged            ||    41
